Map: Para Site LE

Players

Lambo - Winner!

  • Race: Zerg Zerg
  • League: Grandmaster
  • Spawn Location: 11:00

DnS

  • Race: Protoss Protoss
  • League: Grandmaster
  • Spawn Location: 5:00

VOD

Have the link to the VOD?

Description

Time

  • Played on: Jan. 10, 2019, 12:31 p.m.
  • Length: 18:39
Show
View Real Time Build Order
Export as new Build Order

Lambo Zerg - Winner!

Build Orders: Hatch First, Brood Lord Corruptor, Roach Hydra 

Get SALT Encoding   

  12  0:01  Drone  
  13  0:13  Overlord  
  13  0:17  Drone  
  14  0:32  Drone x2  
  16  0:49  Hatchery  
  15  0:51  Drone  
  15  0:55  Drone  
  17  0:57  Drone  
  18  1:09  Extractor  
  17  1:13  Spawning Pool  
  17  1:15  Drone  
  17  1:19  Drone  
  18  1:30  Drone  
  19  1:39  Drone  
  20  1:51  Overlord  
  20  2:00  Queen x2  
  24  2:01  Zergling x2  
  24  2:02  Zergling x2  
  26  2:12  Metabolic Boost  
  26  2:13  Drone x2  
  28  2:23  Drone x2  
  30  2:36  Hatchery  
  29  2:40  Drone x2  
  31  2:44  Drone  
  31  2:50  Queen  
  34  2:54  Overlord  
  34  2:57  Drone  
  35  3:02  Drone  
  35  3:13  Zergling x2  
  35  3:14  Drone x2  
  35  3:15  Drone x2  
  35  3:16  Overlord  
  40  3:22  Drone  
  40  3:25  Drone  
  42  3:29  Overlord  
  42  3:31  Drone  
  43  3:34  Queen  
  43  3:36  Drone x2  
  47  3:48  Drone  
  48  3:49  Drone x4  
  48  3:52  Queen, Spore Crawler  
  48  3:55  Overlord  
  53  3:57  Drone  
  53  3:58  Drone  
  53  4:00  Spore Crawler  
  53  4:02  Zergling x4  
  55  4:04  Zergling x2  
  55  4:05  Drone  
  57  4:17  Drone x5  
  61  4:24  Drone x3  
  64  4:25  Lair  
  64  4:34  Overlord  
  64  4:35  Drone  
  65  4:38  Extractor  
  65  4:39  Roach Warren, Extractor  
  65  4:41  Overlord  
  65  4:43  Overlord  
  65  4:44  Drone  
  63  4:46  Overlord, Drone x2  
  63  4:51  Overlord  
  63  4:52  Drone  
  65  4:55  Drone x2  
  65  4:57  Zergling x4  
  71  5:00  Drone  
  71  5:01  Drone  
  71  5:03  Drone x2  
  75  5:13  Drone x2  
  75  5:14  Overlord, Evolution Chamber  
  74  5:19  Extractor  
  73  5:21  Extractor  
  73  5:22  Roach x8  
  88  5:29  Roach x2  
  88  5:31  Overlord  
  91  5:39  Hydralisk Den, Drone x2  
  91  5:40  Zerg Missile Weapons Level 1  
  92  5:43  Drone x2  
  92  5:44  Drone x2  
  92  5:47  Extractor  
  92  5:48  Roach x2  
  92  5:49  Glial Reconstitution  
  99  5:53  Overlord, Drone  
  99  5:54  Overlord  
  99  5:56  Overlord  
  100  5:59  Overlord  
  100  6:00  Overlord  
  100  6:01  Drone  
  100  6:04  Infestation Pit  
  100  6:07  Drone x2  
  100  6:09  Grooved Spines  
  101  6:13  Drone x3  
  101  6:14  Drone x2  
  106  6:20  Baneling Nest  
  105  6:31  Drone x2  
  107  6:33  Hydralisk x3  
  107  6:35  Hydralisk  
  107  6:39  Hatchery, Hydralisk x2  
  114  6:43  Drone  
  114  6:46  Drone x6  
  125  6:51  Overseer  
  125  6:57  Hydralisk x3  
  125  6:59  Hive  
  131  7:09  Spire  
  130  7:18  Hydralisk x2, Zergling x6  
  130  7:19  Zergling x14  
  130  7:21  Centrifical Hooks  
  144  7:24  Drone x2  
  144  7:25  Drone  
  144  7:28  Extractor  
  145  7:31  Drone x2  
  145  7:33  Muscular Augments  
  147  7:42  Drone x3  
  150  7:44  Extractor  
  150  7:45  Pneumatized Carapace  
  150  7:48  Hydralisk x2  
  150  7:50  Overlord  
  153  7:53  Overlord  
  153  7:55  Hatchery, Zerg Missile Weapons Level 2  
  153  7:56  Overlord  
  152  7:58  Evolution Chamber  
  149  8:09  Drone x6  
  149  8:10  Drone x4  
  149  8:11  Queen  
  162  8:20  Zergling x18  
  162  8:22  Adrenal Glands  
  168  8:30  Greater Spire  
  168  8:35  Zergling x16  
  176  8:47  Overlord  
  162  8:59  Extractor  
  162  9:02  Overlord  
  152  9:03  Extractor, Corruptor x9  
  152  9:07  Drone x2  
  170  9:17  Zerg Melee Weapons Level 1  
  170  9:20  Pathogen Glands, Overseer  
  170  9:26  Corruptor  
  170  9:31  Corruptor x2  
  172  9:34  Drone x3  
  174  9:47  Spore Crawler  
  174  9:49  Spine Crawler x2  
  174  9:51  Brood Lord x6  
  181  10:08  Spine Crawler x2  
  181  10:10  Brood Lord x2  
  181  10:11  Spine Crawler  
  181  10:12  Overlord  
  181  10:13  Zerg Flyer Weapons Level 1  
  181  10:18  Overlord  
  173  10:29  Drone x3  
  173  10:30  Drone  
  173  10:32  Zerg Ground Armor Level 1  
  177  10:40  Queen  
  179  10:44  Spine Crawler x2  
  179  10:46  Spine Crawler  
  179  10:48  Spine Crawler x2  
  174  10:50  Spine Crawler  
  174  10:55  Neural Parasite  
  174  10:56  Burrow  
  173  10:57  Infestor x7  
  187  11:05  Drone x2  
  187  11:06  Drone x5  
  187  11:08  Drone x2  
  187  11:09  Spine Crawler, Drone x2  
  187  11:11  Spine Crawler  
  196  11:13  Spine Crawler x2  
  196  11:14  Brood Lord x2, Spore Crawler  
  196  11:15  Spine Crawler  
  196  11:18  Infestor  
  198  11:30  Corruptor  
  198  11:32  Overlord  
  200  11:37  Spine Crawler x2  
  200  11:38  Spine Crawler  
  197  11:40  Overlord  
  197  11:41  Overlord  
  196  11:48  Overlord x2  
  196  11:49  Overlord, Spore Crawler, Spine Crawler, Overseer  
  196  11:51  Spine Crawler  
  191  11:54  Overlord  
  191  11:55  Corruptor x3  
  191  11:59  Overlord  
  197  12:09  Corruptor  
  197  12:12  Zerg Flyer Armor Level 1  
  197  12:13  Spire  
  198  12:30  Zerg Melee Weapons Level 2  
  198  12:31  Zerg Ground Armor Level 2  
  198  12:43  Spore Crawler  
  197  12:44  Spore Crawler  
  197  12:45  Spore Crawler  
  195  12:56  Spore Crawler x2  
  195  12:57  Spore Crawler  
  192  12:58  Overseer  
  192  12:59  Overseer  
  192  13:02  Infestor x3  
  198  13:27  Spore Crawler  
  198  13:28  Spore Crawler x4  
  198  13:29  Spore Crawler  
  198  13:30  Spore Crawler x3  
  198  13:31  Spore Crawler  
  198  13:32  Spore Crawler x2  
  198  13:33  Spore Crawler x2  
  198  13:34  Spore Crawler x2  
  183  13:37  Corruptor x8  
  212  13:56  Overseer  
  212  14:15  Overlord x2  
  210  14:20  Overlord x2  
  208  14:31  Zerg Flyer Weapons Level 2  
  208  14:32  Zerg Flyer Armor Level 2  
  208  14:52  Overseer x3  
  208  14:53  Overseer x3  
  208  14:56  Zerg Melee Weapons Level 3, Zerg Ground Armor Level 3  
  208  15:03  Extractor  
  208  15:04  Hatchery  
  198  15:07  Extractor  
  179  15:36  Corruptor x11  
  195  15:50  Zergling x8  
  191  16:14  Infestor x4  
  199  16:18  Overseer  
  199  16:25  Hatchery  
  198  16:28  Spore Crawler  
  198  16:29  Spore Crawler x5  
  198  16:30  Spore Crawler x2  
  198  16:31  Spore Crawler x3  
  198  16:32  Spore Crawler x4  
  183  16:33  Spore Crawler  
  183  16:36  Corruptor x9  
  183  16:37  Spore Crawler  
  178  17:52  Corruptor x10  
  178  17:54  Overlord  
  188  18:04  Brood Lord x3  
  188  18:05  Corruptor x4  
Show
View Real Time Build Order
Export as new Build Order

DnS Protoss 

Build Orders: 1 Gate Expand, Oracle Opening, Phoenix Opening, Archon Immortal, Carriers, Archon Drop 

Get SALT Encoding   

  12  0:00  Probe  
  13  0:12  Probe  
  14  0:19  Pylon  
  14  0:24  Probe  
  15  0:33  Probe  
  15  0:39  Gateway  
  15  0:41  Probe  
  16  0:46  Assimilator  
  17  0:51  Probe  
  18  1:03  Probe  
  19  1:15  Probe  
  20  1:25  Nexus  
  20  1:37  Probe, Cybernetics Core  
  21  1:44  Assimilator  
  21  1:49  Probe  
  21  1:52  Pylon  
  22  2:01  Probe  
  22  2:04  Adept  
  23  2:14  Probe  
  26  2:18  Stargate  
  26  2:26  Probe, Warp Gate  
  27  2:30  Adept  
  27  2:32  Probe  
  30  2:38  Probe  
  30  2:41  Probe  
  31  2:50  Probe  
  31  2:51  Probe  
  33  2:54  Phoenix  
  34  3:02  Probe  
  34  3:03  Probe  
  38  3:07  Oracle  
  38  3:14  Probe  
  38  3:15  Probe  
  38  3:17  Pylon  
  43  3:22  Assimilator  
  43  3:23  Assimilator  
  43  3:26  Probe  
  44  3:27  Probe  
  44  3:30  Gateway  
  45  3:38  Probe x2  
  47  3:44  Robotics Facility  
  47  3:46  Probe  
  47  3:50  Probe, Pylon  
  47  3:54  Probe  
  50  4:02  Probe  
  50  4:07  Twilight Council  
  51  4:10  Probe  
  52  4:20  Warp Prism, Probe, Gateway  
  52  4:21  Gateway  
  53  4:24  Probe  
  53  4:29  Zealot  
  53  4:30  Zealot  
  60  4:36  Pylon  
  60  4:48  Templar Archives  
  60  4:57  Observer, Nexus  
  60  4:59  Probe x2  
  63  5:11  Probe, Pylon  
  65  5:14  Probe  
  65  5:18  Pylon  
  65  5:23  Probe  
  65  5:26  Forge  
  66  5:28  Immortal  
  66  5:29  High Templar x4  
  66  5:32  Archon  
  66  5:33  Archon  
  74  5:41  Probe x2  
  80  5:44  Charge  
  80  5:46  Robotics Facility  
  80  5:47  Protoss Ground Weapons Level 1  
  80  5:48  Pylon  
  80  5:53  Probe x2  
  82  6:01  Immortal  
  82  6:05  Probe x2  
  82  6:06  Probe  
  89  6:13  Probe  
  89  6:17  Probe  
  89  6:18  Probe  
  92  6:23  Probe  
  93  6:27  Assimilator x2  
  93  6:29  Probe  
  93  6:30  Probe  
  95  6:35  Probe, Immortal  
  95  6:36  Immortal  
  95  6:39  Pylon  
  100  6:40  Pylon  
  100  6:41  Probe  
  100  6:42  Probe  
  106  6:47  Psionic Storm  
  106  6:50  Gateway  
  106  6:53  Gateway  
  106  7:01  High Templar x2  
  106  7:07  Gateway  
  110  7:09  Gateway  
  110  7:14  Immortal  
  114  7:16  High Templar  
  114  7:17  Zealot  
  114  7:22  Pylon  
  118  7:23  Probe x2, Protoss Ground Weapons Level 2  
  118  7:24  Probe  
  118  7:25  Pylon  
  121  7:32  Immortal  
  125  7:47  High Templar  
  125  7:48  Zealot x2  
  131  7:53  Pylon  
  131  7:54  Pylon  
  131  7:55  Pylon  
  131  7:56  Shield Battery  
  131  7:57  Nexus  
  131  7:58  Pylon  
  131  8:04  Gateway  
  131  8:05  Photon Cannon  
  131  8:07  High Templar, Photon Cannon  
  131  8:09  Photon Cannon  
  131  8:11  Pylon  
  133  8:18  Photon Cannon  
  133  8:22  High Templar x2  
  133  8:26  Gateway  
  137  8:29  Photon Cannon  
  137  8:31  Photon Cannon  
  137  8:32  High Templar x2  
  137  8:33  Probe x3  
  144  8:36  Shield Battery  
  144  8:37  Shield Battery  
  144  8:38  Archon  
  144  8:41  Shield Battery  
  138  8:57  High Templar x2  
  138  9:02  Shield Battery  
  142  9:03  High Templar x2, Photon Cannon  
  142  9:05  Assimilator  
  144  9:11  Assimilator  
  144  9:13  Archon  
  144  9:14  Pylon  
  152  9:22  Probe x4  
  148  9:31  Fleet Beacon  
  148  9:32  Stargate  
  148  9:34  Stargate  
  146  9:39  Zealot  
  146  9:40  Zealot x8  
  164  9:56  Protoss Air Weapons Level 1  
  162  10:00  Warp Prism  
  164  10:08  Mothership  
  164  10:09  Stalker  
  164  10:10  Pylon  
  166  10:16  Tempest x2  
  166  10:17  Tempest  
  173  10:30  Warp Prism  
  175  10:40  Zealot x2  
  175  10:41  Zealot x6  
  189  10:54  Carrier  
  189  10:58  Carrier  
  195  11:08  Carrier  
  192  11:24  Blink  
  194  11:26  Stargate  
  194  11:27  Stargate  
  184  11:33  Protoss Air Weapons Level 2  
  184  11:36  Nexus, Pylon  
  180  11:44  Zealot x9  
  184  12:02  Carrier x2  
  188  12:24  Observer x2  
  188  12:30  Carrier x2  
  188  12:40  Carrier  
  196  12:45  Cybernetics Core, Protoss Shields Level 1  
  196  12:49  High Templar  
  196  12:50  Assimilator  
  198  12:54  Assimilator  
  198  12:58  Photon Cannon  
  198  12:59  Photon Cannon  
  198  13:01  Photon Cannon  
  198  13:03  Pylon  
  198  13:05  Protoss Air Armor Level 1, Shield Battery  
  198  13:09  Photon Cannon, Pylon  
  198  13:11  Warp Prism  
  196  13:34  Protoss Air Weapons Level 3  
  196  13:39  Carrier  
  195  14:05  Oracle  
  196  14:25  Protoss Shields Level 2  
  186  14:37  Zealot x7  
  200  14:54  High Templar  
  200  14:56  Stargate  
  200  14:58  Stargate  
  189  15:09  Zealot x6  
  187  15:32  Carrier x2  
  196  15:40  Protoss Air Armor Level 2  
  190  15:48  Zealot x7  
  197  15:57  Oracle  
  196  16:27  Nexus  
  184  17:24  Void Ray x5  
  156  17:53  Stalker  
  156  17:54  Stalker x8  
  156  17:56  Void Ray x2  
  99  18:22  Stalker x7  
Tags
 
Add a new tag
Caveats
  • Supply blocks, unpowered buildings, or Contaminate may cause inaccurate times.
  • Supply counts are checked every 10 seconds.